 Dungeon Sprint DCSS version 0.30-a0-830-gfe289a77b0 (webtiles) character file.

Game seed: 16889118841467568038

134 rocky1 the Sneak (level 5, -8/73 HPs)
             Began as a Naga Warper on Feb 28, 2023.
             Was an Elder of Cheibriados.
             Killed by nerve-wracking pain
             ... invoked by an orc priest
              (9 damage)
             ... in the Dungeon (Sprint VII: "The Pits").
             The game lasted 00:01:57 (889 turns).

rocky1 the Sneak (Naga Warper)                       Turns: 889, Time: 00:01:57

Health: -8/73      AC:  7    Str: 25    XL:     5   Next: 17%
Magic:  9/9        EV: 10    Int: 22    God:    Cheibriados [****..]
Gold:   0          SH:  0    Dex: 19    Spells: 9/9 levels left

rFire   . . .      SeeInvis +    o - +2 trident (heavy)
rCold   . . .      Faith    .    (no shield)
rNeg    . . .      Spirit   .    n - +3 ring mail
rPois   +          Reflect  .    (no helmet)
rElec   .          Harm     .    (no cloak)
rCorr   .          Rampage  .    (no gloves)
Will    .....      NoTele   +    (no barding) Stlth
                                 (no amulet)
HPRegen 0.32/turn                (no ring)
MPRegen 0.11/turn                (no ring)

@: berserking, very slow
A: AC +1, large, see invisible, deformed body, poison resistance, slowness 2,
spit poison 1, naga tail 1
a: Spit Poison, Renounce Religion, Bend Time, Temporal Distortion, Slouch


You were in the Dungeon.
You worshipped Cheibriados.
Cheibriados was greatly pleased with you.
You visited 1 branch

Inventory:

Hand Weapons
 a - a +0 spear
 m - a +2 trident
 o - a +2 heavy trident (weapon)
Missiles
 d - 5 boomerangs of dispersal (quivered)
Armour
 b - a +0 leather armour
 n - a +3 ring mail (worn)
Scrolls
 c - 2 scrolls of blinking
 k - 5 scrolls of amnesia
 l - a scroll of butterflies
Potions
 e - 6 potions of curing
 f - 5 potions of heal wounds
 g - a potion of haste
 h - 4 potions of magic
 i - 2 potions of berserk rage
 j - 2 potions of invisibility


   Skills:
 + Level 3.6 Fighting
 + Level 4.2 Polearms
 - Level 0.8 Throwing
 + Level 2.7 Armour
 + Level 2.6 Dodging
 * Level 5.7 Stealth
 + Level 2.9 Spellcasting
 + Level 5.1 Translocations
 * Level 3.9 Invocations


You had 9 spell levels left.
You didn't know any spells.
Your spell library contained the following spells:

 Spells                   Type           Power      Damage    Failure   Level
 Blink                    Tloc           52%        N/A       3%          2
 Lesser Beckoning         Tloc           52%        N/A       3%          2
 Teleport Other           Tloc           26%        N/A       7%          3
 Vhi's Electric Charge    Tloc/Air       28%        N/A       21%         3
 Manifold Assault         Tloc           26%        N/A       22%         4


Dungeon Overview and Level Annotations

Branches:
Dungeon (1/1)

Altars:
Ashenzari
Cheibriados
Dithmenos
Elyvilon
Fedhas
Gozag
Hepliaklqana
Kikubaaqudgha
Makhleb
Nemelex Xobeh
Okawaru
Qazlal
Ru
Sif Muna
Trog
Uskayaw
Vehumet
Wu Jian
Xom
Yredelemnul
Zin
The Shining One
Jiyva
Lugonu

Annotations:
D Blork the orc


Innate Abilities, Weirdness & Mutations

Your serpentine skin is tough. (AC +1)
You have supernaturally acute eyesight. (SInv)
Armour fits poorly on your strangely shaped body.
Your system is resistant to poisons. (rPois)
You cover ground very slowly.
You can spit poison.
You have a snake-like lower body.


Message History

You hear a shout!
The wolf bites you but does no damage. The wolf bites you.
The wolf closely misses you.
An orc priest comes into view. It is wielding a +0 club.
You hear a shout!
A red film seems to cover your vision as you go berserk!
Cheibriados forces you to slow down.
You feel mighty!
You have got your breath back.
The wolf bites you.
The orc priest looks satisfied for a moment.
The crimson imp blinks!
The wolf bites you!
You closely miss the wolf.
The wolf is lightly wounded.
The wolf barely misses you. The wolf bites you.
The orc wizard mumbles some strange words.
The orc wizard flickers and vanishes for a moment.
You impale the wolf!!
The wolf is almost dead.
The wolf bites you but does no damage. The wolf bites you.
Blork the orc comes into view.
He is wielding a +0 dire flail.
The orc priest invokes the aid of Beogh against you.
Beogh smites you!
The orc priest calls down the wrath of Beogh upon you.
Beogh smites you!
* * * LOW HITPOINT WARNING * * *
The wolf bites you.
* * * LOW HITPOINT WARNING * * *
The orc priest calls down the wrath of Beogh upon you.
Beogh smites you!
* * * LOW HITPOINT WARNING * * *
Blork the orc moves out of view.
You puncture the wolf!
You kill the wolf!
Cheibriados thoroughly appreciates the change of pace.
You can now inflict damage on those overly hasty.
Cheibriados raises the support of your attributes as your movement slows.
The orc priest invokes the aid of Beogh against you.
Pain shoots through your body!
You die...

#'#####)#####.....
#.#..#...'.##.....
#.#..#...#.#####'#
#.#..#####.##.....
#.#..'...#.##.....
#.#..)...).##.....
#.#..########...<.
#.#..'[))).##.....
#@#..#.))..##.....
#†###########.....
#oo..o..# ######
#o.###o.# #...
##5## .. o# ..


You could see Blork the orc (wandering), 2 orc priests, an orc wizard
(invisible) and a crimson imp.

Vanquished Creatures
  A wolf (D)
  2 scorpions (D)
  An adder (D)
  2 adder skeletons (D)
  3 goblins (D)
  A quokka (D)
10 creatures vanquished.

Notes
Turn   | Place    | Note
-------+----------+-------------------------------------------
     0 | D        | rocky1 the Naga Warper began the quest for the Orb.
     0 | D        | Reached XP level 1. HP: 19/19 MP: 3/3
    17 | D        | Reached skill level 1 in Armour
    17 | D        | Reached skill level 1 in Stealth
    21 | D        | Found a bloodstained altar of Trog.
    21 | D        | Found a shimmering blue altar of Sif Muna.
    21 | D        | Found a viscous altar of Jiyva.
    21 | D        | Found a hazy altar of Hepliaklqana.
    21 | D        | Found an opulent altar of Gozag.
    22 | D        | Found a glowing golden altar of the Shining One.
    22 | D        | Found a glowing silver altar of Zin.
    22 | D        | Found a basalt altar of Yredelemnul.
    22 | D        | Found a shimmering altar of Xom.
    22 | D        | Found an ornate altar of the Wu Jian Council.
    22 | D        | Found a sacrificial altar of Ru.
    22 | D        | Found a stormy altar of Qazlal.
    22 | D        | Found an iron altar of Okawaru.
    22 | D        | Found a sparkling altar of Nemelex Xobeh.
    22 | D        | Found a burning altar of Makhleb.
    22 | D        | Found a blossoming altar of Fedhas.
    22 | D        | Found a white marble altar of Elyvilon.
    22 | D        | Found a shadowy altar of Dithmenos.
    22 | D        | Found a snail-covered altar of Cheibriados.
    26 | D        | Found a corrupted altar of Lugonu.
    26 | D        | Found a radiant altar of Vehumet.
    27 | D        | Found a broken altar of Ashenzari.
    27 | D        | Found an ancient bone altar of Kikubaaqudgha.
    27 | D        | Found a hide-covered altar of Uskayaw.
    33 | D        | Became a worshipper of Cheibriados the Contemplative
    78 | D        | Reached * piety under Cheibriados
    79 | D        | Reached skill level 1 in Invocations
    79 | D        | Reached XP level 2. HP: 14/27 MP: 5/5
   253 | D        | Reached ** piety under Cheibriados
   507 | D        | Noticed a scorpion
   510 | D        | Killed a scorpion
   511 | D        | Reached XP level 3. HP: 34/34 MP: 7/7
   511 | D        | Reached XP level 4. HP: 42/42 MP: 8/8
   513 | D        | Noticed a scorpion
   518 | D        | Reached *** piety under Cheibriados
   525 | D        | Killed a scorpion
   526 | D        | Reached skill level 5 in Stealth
   526 | D        | Reached skill level 5 in Translocations
   526 | D        | Reached XP level 5. HP: 19/49 MP: 9/9
   880 | D        | Noticed a wolf
   888 | D        | Noticed Blork the orc
   888 | D        | HP: 1/73 [orc priest/divine providence (11)]
   889 | D        | Killed a wolf
   889 | D        | Reached **** piety under Cheibriados
   889 | D        | Killed from afar by an orc priest

Illustrated notes

Levels and vault maps discovered:
D:        pitsprint [storerooms_1, entrance_room_1, metal_vault_2, armoury_1,
          mini_pit_1, grid_room_1, main_hall_1, silver_pit, the_coven_2,
          the_vestibule_1, steel_vault_4, golden_pit, hallway_of_sentries,
          crystal_vault_5, iron_vault_3, final_vault]

Skill      XL: |  1  2  3  4 |
---------------+-------------+-----
Armour         | 1 2 |  2.7
Stealth        | 2 4 5 |  5.7
Dodging        | 2 |  2.6
Invocations    | 1 3 |  3.9
Fighting       | 3 |  3.6
Polearms       | 3 4 |  4.2
Translocations | 4 5 |  5.1
Throwing       | |  0.8
Spellcasting   | |  2.9

Action                     |  1- 3 |  4- 6 || total
---------------------------+-------+-------++-------
  Melee: Trident           |    15 |    14 ||    29
         Spear             |     4 |       ||     4
  Throw: Boomerang         |       |     2 ||     2
Ability: Spit Poison       |     2 |     2 ||     4
    Use: Potion            |       |     2 ||     2
 Armour: Leather armour    |     1 |     1 ||     2
         Ring mail         |       |     6 ||     6
  Dodge: Dodged            |     6 |    12 ||    18

Table legend: (Time is in decaauts)
 A = Elapsed time spent in this place.
 B = Non-inter-level travel time spent in this place.
 C = Inter-level travel time spent in this place.
 D = Time resting spent in this place.
 E = Time spent auto-exploring this place.
 F = Levels seen in this place.
 G = Mean time per level.
                   A        B        C        D        E       F      G
               +--------+--------+--------+--------+--------+-----+--------+
         Total |   1012 |    962 |     50 |    690 |      0 |   1 | 1012.0 |
       Dungeon |   1012 |    962 |     50 |    690 |      0 |   1 | 1012.0 |
               +--------+--------+--------+--------+--------+-----+--------+

Top non-repeatable levels by time:
       D: 1012 daAuts
